 Dungeon Crawl Stone Soup version 0.29.1-2-gbd0b4ee654 (webtiles) character file.

Game seed: 10256869009325874441

3967 styxcanada the Covert (level 10, 0/49 HPs)
             Began as a Spriggan Brigand on Nov 4, 2022.
             Was an Initiate of Gozag.
             Slain by a killer bee (5 damage)
             ... on level 9 of the Dungeon on Nov 5, 2022.
             The game lasted 00:49:29 (11497 turns).

styxcanada the Covert (Spriggan Brigand)           Turns: 11497, Time: 00:49:29

Health: 0/49       AC:  4    Str:  7    XL:     10   Next: 2%
Magic:  17/18      EV: 24    Int: 14    God:    Gozag
Gold:   1964       SH:  0    Dex: 26    Spells: 15/19 levels left

rFire   . . .      SeeInvis +   a - +3 dagger
rCold   . . .      Faith    .   (no shield)
rNeg    . . .      Spirit   .   b - +1 robe
rPois   .          Reflect  .   (helmet restricted)
rElec   .          Harm     .   c - +0 cloak
rCorr   .          Rampage  .   (gloves unavailable)
Will    +....                   (boots unavailable)
Stlth   ++++++....              r - amulet of the acrobat
HPRegen 0.16/turn               n - +6 ring of dexterity
MPRegen 0.16/turn               (no ring)

@: very quick
A: very small, no large weapons, unfitting armour, see invisible, speed 3
a: Renounce Religion, Potion Petition, Call Merchant, Bribe Branch


You were on level 9 of the Dungeon.
You worshipped Gozag.
Gozag was most pleased with you.
You visited 2 branches of the dungeon, and saw 10 of its levels.

You collected 2114 gold pieces.
You spent 64 gold pieces at shops.
You paid 86 gold pieces to Gozag.

Inventory:

Hand Weapons
 a - a +3 dagger (weapon)
 D - a +4 long sword of freezing
Missiles
 d - 14 poisoned darts (quivered)
 g - 61 stones
 h - 2 boomerangs
Armour
 b - a +1 robe (worn)
 c - a +0 cloak (worn)
Magical Staves
 v - a staff of poison
Jewellery
 f - an amulet of faith
 n - a +6 ring of dexterity (left hand)
 r - an amulet of the acrobat (around neck)
 G - a ring of willpower
Wands
 e - a wand of mindburst (9)
 p - a wand of roots (3)
 s - a wand of flame (3)
 B - a wand of acid (9)
Scrolls
 t - a scroll of butterflies
 u - a scroll of enchant weapon
 y - a scroll of blinking
 A - a scroll of immolation
 E - a scroll of teleportation
 F - a scroll of fear
Potions
 i - a potion of haste
 j - 4 potions of curing
 k - 3 potions of resistance
 l - a potion of heal wounds
 m - a potion of brilliance
 o - 3 potions of lignification
 q - a potion of ambrosia
 w - a potion of magic {unknown}
 x - a potion of flight {unknown}
 z - a potion of degeneration {unknown}
 C - a potion of might {unknown}


   Skills:
 * Level 4.1 Fighting
 + Level 4.8 Short Blades
 + Level 5.0 Throwing
 * Level 6.9 Dodging
 * Level 12.0 Stealth
 * Level 5.2 Spellcasting
 * Level 3.0 Conjurations
 * Level 3.3 Fire Magic
 * Level 5.2 Evocations


You had 15 spell levels left.
You knew the following spells:

 Your Spells              Type           Power      Damage    Failure   Level
a - Foxfire               Conj/Fire      48%        2x1d6     4%          1
b - Conjure Flame         Conj/Fire      12%        6-21      14%         3

Your spell library contained the following spells:

 Spells                   Type           Power      Damage    Failure   Level
 Inner Flame              Hex/Fire       8%         N/A       26%         3
 Ignite Poison            Fire/Tmut/Pois 6%         N/A       32%         3
 Flame Wave               Conj/Fire      12%        2d6       41%         4
 Sticky Flame             Conj/Fire      12%        2d4       41%         4
 Fulminant Prism          Conj/Hex       3%         3d6       65%         4
 Iskenderun's Mystic Bla  Conj/Tloc      7%         2d4       65%         4
 Passage of Golubria      Tloc           3%         N/A       86%         4
 Lee's Rapid Deconstruct  Erth           1%         3d5*      99%         5
 Summon Forest            Summ/Tloc      1%         N/A       99%         5


Dungeon Overview and Level Annotations

Branches:
Dungeon (9/15)             Temple (1/1) D:5
   Lair: D:8-11         Orc: D:9-12

Altars:
Ashenzari
Cheibriados
Dithmenos
Elyvilon
Fedhas
Gozag
Hepliaklqana
Kikubaaqudgha
Makhleb
Nemelex Xobeh
Okawaru
Qazlal
Ru
Sif Muna
Trog
Uskayaw
Vehumet
Wu Jian
Xom
Yredelemnul
Zin
The Shining One

Shops:
D:1 !   D:2 *   D:9 *

Portals:
Abyss: D:8

Annotations:
D:8 ratmagoo's ghost, novice DECj


Innate Abilities, Weirdness & Mutations

You are very small and have problems with some larger weapons.
You are too small for most types of armour.
You have supernaturally acute eyesight. (SInv)
You cover ground extremely quickly. (Speed+++)


Message History

The killer bee stings you but does no damage.
The killer bee misses you.
You miss the killer bee.
The killer bee is severely wounded.
You feel sick. The killer bee barely misses you.
You barely miss the killer bee.
The killer bee is severely wounded.
You feel sick. The killer bee stings you! The killer bee completely misses you.
You miss the killer bee.
The killer bee is severely wounded.
You feel sick. The killer bee misses you.
You barely miss the killer bee.
The killer bee is severely wounded.
You feel sick.
The killer bee completely misses you. x2
You hit the killer bee.
The killer bee is almost dead.
The killer bee completely misses you.
Aiming: Corrosive Bolt
Press: ? - help, Shift-Dir - straight line, f - killer bee
Aim: a killer bee (almost dead, 48% to hit)
The bolt of acid hits the killer bee!
The acid corrodes the killer bee!
You kill the killer bee!
The bolt of acid misses the killer bee.
The bolt of acid hits the killer bee!!
The acid corrodes the killer bee!
You kill the killer bee!
You feel sick. The killer bee stings you!
* * * LOW HITPOINT WARNING * * *
Unknown command.
You feel sick.
There is a stone staircase leading down here.
You hit the killer bee. Your punch misses the killer bee.
The killer bee is lightly wounded.
You feel sick.
You are no longer poisoned.
The killer bee misses you. The killer bee closely misses you.
You closely miss the killer bee.
The killer bee is lightly wounded.
The killer bee stings you.
You die...
Your body crumbles into a pile of gold.

..........##...
#............##...
#.........#.###...
##.........#..##...
#..............#...
##...............#..
#.................#. #
#########...............## .
###..##$$$y@...............#
.#####.......######...#....##....
..##.........## ####....######.
$..$..........# #...## ##
#####.........# #.### #........##
### ##.....### #######


You could see a killer bee.

Vanquished Creatures
  A two-headed ogre (D:5)
  A wraith (D:8)
  2 steam dragons
  An acid dragon (D:9)
  3 water moccasins
  4 black bears
  An orc warrior (D:5)
  A sky beast (D:6)
  3 ogres
  A centaur (D:9)
  A phantom (D:5)
  A bullfrog (D:7)
  A necrophage (D:6)
  A scorpion (D:6)
  10 wights (D:7)
  5 killer bees (D:9)
  3 howler monkeys (D:8)
  A jelly (D:5)
  4 hounds
  3 orc wizards
  4 iguanas
  4 gnolls
  6 adders
  2 shadow imps
  2 white imps
  2 ufetubi
  3 worms
  2 dart slugs
  26 orcs
  5 ball pythons
  2 bats
  5 endoplasms
  5 giant cockroaches
  4 goblins
  6 hobgoblins
  6 jackals
  2 quokkas (D:2)
  2 frilled lizards (D:3)
  6 kobolds
  5 rats
  A bush (D:1)
148 creatures vanquished.

Vanquished Creatures (others)
  A hound (D:6)
  70 foxfires
71 creatures vanquished.

Grand Total: 219 creatures vanquished

Notes
Turn   | Place    | Note
-------+----------+-------------------------------------------
     0 | D:1      | styxcanada the Spriggan Brigand began the quest for the
                  | Orb.
     0 | D:1      | Reached XP level 1. HP: 10/10 MP: 2/2
    53 | D:1      | Reached skill level 6 in Stealth
   545 | D:1      | Found Ragyogg's Distillery.
   605 | D:1      | Reached XP level 2. HP: 15/15 MP: 3/3
  1912 | D:2      | Reached XP level 3. HP: 18/18 MP: 4/4
  1942 | D:2      | Found Fejaetz's General Store.
  1971 | D:2      | Bought a potion of curing for 30 gold pieces
  1971 | D:2      | Bought 6 poisoned darts for 24 gold pieces
  1971 | D:2      | Bought a scroll of noise for 10 gold pieces
  2026 | D:2      | Found a faded altar of an unknown god.
  2042 | D:2      | Reached skill level 7 in Stealth
  2061 | D:2      | Learned a level 1 spell: Foxfire
  2769 | D:3      | Found a radiant altar of Vehumet.
  2772 | D:3      | Noticed an ogre
  2838 | D:3      | Killed an ogre
  2839 | D:3      | Reached skill level 1 in Spellcasting
  2839 | D:3      | Reached XP level 4. HP: 17/23 MP: 4/6
  2839 | D:3      | Reached XP level 5. HP: 19/26 MP: 4/7
  4441 | D:4      | Found an ornate altar of the Wu Jian Council.
  4810 | D:5      | Entered Level 5 of the Dungeon
  4829 | D:5      | Reached skill level 8 in Stealth
  4844 | D:5      | Noticed an ogre
  4871 | D:5      | Killed an ogre
  4872 | D:5      | Reached skill level 1 in Fire Magic
  4872 | D:5      | Reached skill level 1 in Evocations
  4872 | D:5      | Reached XP level 6. HP: 30/30 MP: 4/9
  4872 | D:5      | Noticed a two-headed ogre
  4958 | D:5      | Killed a two-headed ogre
  4959 | D:5      | Reached skill level 9 in Stealth
  4959 | D:5      | Reached skill level 1 in Conjurations
  4959 | D:5      | Reached XP level 7. HP: 35/35 MP: 5/12
  4983 | D:5      | Reached skill level 10 in Stealth
  5074 | D:5      | Found a large runed translucent door.
  5074 | D:5      | Found a large runed translucent door.
  5098 | D:5      | Reached XP level 8. HP: 29/39 MP: 10/13
  5223 | D:5      | Found an ancient bone altar of Kikubaaqudgha.
  5233 | D:5      | Found a shadowy altar of Dithmenos.
  5304 | D:5      | Learned a level 3 spell: Conjure Flame
  5631 | D:5      | Found an opulent altar of Gozag.
  5637 | D:5      | Became a worshipper of Gozag Ym Sagoz the Greedy
  5954 | D:5      | Found a staircase to the Ecumenical Temple.
  5967 | Temple   | Entered the Ecumenical Temple
  6434 | D:6      | Reached skill level 11 in Stealth
  6689 | D:6      | Reached skill level 5 in Dodging
  6735 | D:6      | Reached XP level 9. HP: 44/44 MP: 13/16
  8115 | D:7      | Found a flagged portal.
  9736 | D:8      | Found a glowing silver altar of Zin.
  9841 | D:8      | Reached skill level 5 in Evocations
  9854 | D:8      | Reached skill level 5 in Spellcasting
 10174 | D:8      | Found a transporter.
 10195 | D:8      | Found a transporter.
 10195 | D:8      | Found a one-way gate to the infinite horrors of the Abyss.
 10195 | D:8      | Noticed ratmagoo's ghost (novice DECj)
 10775 | D:8      | Got Lugonu's Treatise on Superposition
 10988 | D:9      | Reached skill level 5 in Throwing
 11055 | D:9      | Found Betoyced's General Store.
 11380 | D:9      | Identified a scroll of acquirement
 11380 | D:9      | Acquired 1195 gold pieces
 11462 | D:9      | Reached skill level 12 in Stealth
 11482 | D:9      | Reached XP level 10. HP: 37/49 MP: 18/18
 11497 | D:9      | Slain by a killer bee

Illustrated notes

Levels and vault maps discovered:
D:1:      sevenhm_arrival_forest_fort_large_4, layout_basic, serial_forest,
          infiniplex_forest_lined_room_, infiniplex_forest_lined_4_way,
          infiniplex_forest_split, infiniplex_forest_zigzag_1,
          infiniplex_forest_clump_diagonal, infiniplex_forest_lined_2,
          serial_shops, shop
D:2:      layout_basic, basic_ecumenical_altar, serial_shops,
          nicolae_shop_competitors_out_of_business
D:3:      layout_loops_cross, nicolae_vehumet_radiance
D:4:      layout_basic, nicolae_wu_jian_glorious_leap
D:5:      layout_basic, jmf_multi_god_temple2,
          nicolae_gozag_cash_rules_everything_around_me,
          minmay_temple_entry_poolview
D:6:      cheibrodos_quashed, layout_rooms, hangedman_decor_points
D:7:      layout_loops_ring, enter_bailey_2
D:8:      layout_basic, mainiacjoe_overflow_cross_hatched,
          gammafunk_ghost_abyssal_escape
D:9:      layout_cave_pods, serial_shops, shop
Temple:   kb_temple_of_zot

Skill      XL: |  1  2  3  4  5  6  7  8  9 |
---------------+----------------------------+-----
Stealth        | 6 7 8 9 10 11 12 | 12.0
Fighting       | 2 3 4 |  4.1
Dodging        | 2 3 5 6 |  6.9
Spellcasting   | 1 2 3 4 5 |  5.2
Short Blades   | 3 4 |  4.8
Fire Magic     | 1 2 3 |  3.3
Evocations     | 1 2 3 5 |  5.2
Throwing       | 3 4 5 |  5.0
Conjurations   | 1 2 3 |  3.0

Action                   |  1- 3 |  4- 6 |  7- 9 | 10-12 || total
-------------------------+-------+-------+-------+-------++-------
Melee: Dagger            |   362 |    57 |   309 |    12 ||   740
       Punch             |     3 |     1 |     3 |       ||     7
Throw: Dart              |    27 |    27 |   112 |       ||   166
       Stone             |       |       |     3 |       ||     3
 Cast: Foxfire           |       |     8 |    31 |       ||    39
       Conjure Flame     |       |       |     1 |     1 ||     2
Evoke: Wand              |       |       |    20 |     1 ||    21
  Use: Scroll            |       |     8 |     9 |       ||    17
       Potion            |       |       |     2 |       ||     2
 Stab: Sleeping          |     9 |    13 |    11 |       ||    33
       Distracted        |       |       |     1 |       ||     1
Armor: Robe              |     9 |     4 |    18 |     1 ||    32
Dodge: Dodged            |    64 |    36 |   262 |    14 ||   376
